 Dungeon Crawl Stone Soup version 0.21.0-3-g78d12a8 (webtiles) character file.

175 komo4ek the Ducker (level 5, -2/30 HPs)
             Began as a Spriggan Wanderer on Jan 11, 2018.
             Slain by a worker ant (8 damage)
             ... on level 5 of the Dungeon.
             The game lasted 00:06:24 (2350 turns).

komo4ek the Ducker (Spriggan Wanderer)              Turns: 2350, Time: 00:06:25

Health: -2/30      AC:  2    Str:  9    XL:     5   Next: 29%
Magic:  8/8        EV: 21    Int: 14    God:
Gold:   126        SH:  0    Dex: 15    Spells: 4/4 levels left

rFire    + . .     SeeInvis +   a - +2 spear
rCold    x . .     Gourm    .   (shield restricted)
rNeg     . . .     Faith    .   d - +0 robe
rPois    .         Spirit   .   (helmet restricted)
rElec    .         Reflect  .   (no cloak)
rCorr    .         Harm     .   (gloves unavailable)
MR       .....                  (boots unavailable)
Stlth    +++.......             (no amulet)
HPRegen  0.10/turn              s - ring of fire
MPRegen  0.11/turn              (no ring)

@: lethally poisoned (-2 -> -20), very quick
A: very small, unfitting armour, see invisible, herbivore, speed 3, slow
metabolism 2
a: no special abilities


You were on level 5 of the Dungeon.
You were not hungry.

You visited 1 branch of the dungeon, and saw 5 of its levels.

You collected 126 gold pieces.

Inventory:

Hand Weapons
 a - a +2 spear (weapon)
 b - a +0 hand axe
 q - a +0 hunting sling
Missiles
 e - a throwing net
 h - 58 arrows
 i - 32 bolts
 o - 64 stones (quivered)
 r - 28 sling bullets
Armour
 d - a +0 robe (worn)
Jewellery
 s - a ring of fire (left hand)
Scrolls
 g - 3 scrolls of identify {unknown}
 j - a scroll of brand weapon {unknown}
 k - 2 scrolls of teleportation {unknown}
 l - 3 scrolls of amnesia {unknown}
 m - a scroll of remove curse {unknown}
 n - a scroll of enchant weapon {unknown}
 v - a scroll of noise {unknown}
Potions
 c - a potion of curing
Comestibles
 f - 4 rations


   Skills:
 + Level 4.6 Fighting
 + Level 5.7 Dodging
 * Level 5.7 Stealth
   Level 2.6 Evocations


You had 4 spell levels left.
You didn't know any spells.

Dungeon Overview and Level Annotations

Branches:
Dungeon (6/15)
 Temple: D:4-7

Altars:
Cheibriados
Trog


Innate Abilities, Weirdness & Mutations

You are very small and have problems with some larger weapons.
You are too small for most types of armour.
You have supernaturally acute eyesight. (SInv)
You are a herbivore.
You cover ground extremely quickly.
You need consume almost no food.


Message History

The worker ant poisons you!
You hit the worker ant but do no damage.
The worker ant is almost dead.
You feel sick. The worker ant bites you.
You are too injured to fight recklessly!
You are too injured to fight recklessly!
You are too injured to fight recklessly!
You are too injured to fight recklessly!
You are too injured to fight recklessly!
You hit the worker ant but do no damage.
The worker ant is almost dead.
You feel sick. The worker ant bites you.
* * * LOW HITPOINT WARNING * * *
You are more poisoned.
The worker ant poisons you!
You closely miss the worker ant.
The worker ant is almost dead.
* * * LOW HITPOINT WARNING * * *
You feel sick. The worker ant misses you. The worker ant bites you!
You die...

## .# .## .. .#
##a###### ###
#@....... #.#
#..###### #.#
#..# #.####..##
#........#
#.##.....#
########.#####..#
#.#.#.#.#.#.....#
#.#.#.#.#.#....#


You could see a worker ant.

Vanquished Creatures
  A bullfrog (D:6)
  An orc wizard (D:5)
  A worker ant (D:6)
  An ooze (D:1)
  A worm (D:2)
  2 dart slugs (D:1)
  4 orcs (D:5)
  5 giant cockroaches
  2 goblins
  4 hobgoblins
  4 jackals (D:1)
  9 bats
  3 frilled lizards (D:1)
  5 kobolds
  3 rats (D:1)
46 creatures vanquished.

Notes
Turn   | Place    | Note
-------+----------+-------------------------------------------
     0 | D:1      | komo4ek the Spriggan Wanderer began the quest for the Orb.
     0 | D:1      | komo4ek set off with: a +2 spear, a +0 hand axe, a potion of curing, a +0 robe, a ration
     0 | D:1      | Reached XP level 1. HP: 13/13 MP: 3/3
    35 | D:1      | Reached skill level 1 in Stealth
   136 | D:1      | Reached XP level 2. HP: 17/17 MP: 5/5
   400 | D:1      | Reached XP level 3. HP: 15/21 MP: 6/6
   929 | D:2      | Reached skill level 5 in Dodging
   963 | D:2      | Found a snail-covered altar of Cheibriados.
  1126 | D:2      | Found a bloodstained altar of Trog.
  1535 | D:3      | You fall through a shaft for 3 floors!
  1546 | D:6      | Noticed a centaur
  1580 | D:6      | Noticed a sky beast
  1634 | D:6      | Reached XP level 4. HP: 26/26 MP: 7/7
  1744 | D:6      | Noticed a bullfrog
  1815 | D:6      | Killed a bullfrog
  1815 | D:6      | Reached skill level 5 in Stealth
  1815 | D:6      | Reached XP level 5. HP: 5/30 MP: 8/8
  1932 | D:5      | Entered Level 5 of the Dungeon
  2350 | D:5      | Slain by a worker ant

Skill      XL: |  1  2  3  4 |
---------------+-------------+-----
Stealth        | 1 3 4 5 |  5.7
Dodging        | 5 |  5.7
Fighting       | |  4.6
Evocations     | |  2.6

Action                   |  1- 3 |  4- 6 || total
-------------------------+-------+-------++-------
Melee: Spear             |    97 |    67 ||   164
 Fire: Hunting sling     |    38 |     8 ||    46
  Use: Potion            |     1 |     5 ||     6
 Stab: Sleeping          |     2 |       ||     2
Armor: Robe              |    13 |     2 ||    15
Dodge: Dodged            |    96 |    62 ||   158
